 Dungeon Crawl Stone Soup version 0.17.1-1-g73c8601 (webtiles) character file.

228 DeXoteric the Ruffian (level 6, -1/37 HPs)
             Began as a Gargoyle Monk on Dec 13, 2015.
             Slain by a centaur (4 damage)
             ... on level 4 of the Dungeon.
             The game lasted 00:08:45 (3238 turns).

DeXoteric the Ruffian (Gargoyle Monk)               Turns: 3238, Time: 00:08:45

Health: -1/37      AC:  9    Str: 14    XL:     6   Next: 2%
Magic:  0/6        EV: 11    Int: 13    God:
Gold:   189        SH:  0    Dex: 12    Spells: 0 memorised, 5 levels left

rFire  . . .     SeeInvis .       - Unarmed
rCold  . . .     Clarity  .     d - +0 ring mail
rNeg   + . .     SustAt   .     (no shield)
rPois  ∞         Gourm    .     (no helmet)
rElec  +         Spirit   +     (no cloak)
rCorr  .         Warding  .     (no gloves)
rMut   .         Stasis   .     (no boots)
MR     .....                    g - amulet of guardian spirit
Stlth  +.........               (no ring)
                                (no ring)

@: not resistant to hostile enchantments, very unstealthy
A: negative energy resistance 1, electricity resistance, unbreathing,
petrification resistance, rot immunity, AC +4
a: no special abilities


You were on level 4 of the Dungeon.
You were not hungry.

You visited 1 branch of the dungeon, and saw 4 of its levels.

You collected 189 gold pieces.

Inventory:

Armour
 a - a +0 robe
 d - a +0 ring mail (worn)
Jewellery
 g - an amulet of guardian spirit (around neck)
Wands
 u - a wand of magic darts (17)
Scrolls
 c - a scroll of remove curse {unknown}
 e - 2 scrolls of teleportation {unknown}
 f - 2 scrolls of magic mapping {unknown}
 i - a scroll of blinking {unknown}
 j - 2 scrolls of immolation {unknown}
 k - 2 scrolls of identify {unknown}
 m - a scroll of enchant weapon {unknown}
 r - a scroll of recharging {unknown}
 s - a scroll of noise {unknown}
Potions
 h - 2 potions of agility {unknown}
 l - 2 potions of curing {unknown}
 n - a potion of flight {unknown}
 o - a potion of brilliance {unknown}
 q - a potion of heal wounds {unknown}
 t - a potion of lignification {unknown}
Comestibles
 b - 5 bread rations
 p - 2 chunks of flesh


   Skills:
 - Level 3.2 Fighting
 - Level 2.4 Dodging
 - Level 2.1 Stealth
 + Level 7.0 Unarmed Combat


You had 5 spell levels left.
You didn't know any spells.

Dungeon Overview and Level Annotations

Branches:
Dungeon (4/15)
 Temple: D:4-7

Altars:
Qazlal


Innate Abilities, Weirdness & Mutations

You are resistant to torment.
Your stone body is resilient (AC +4).
You are immune to poison.
You resist negative energy.
You are resistant to electric shocks.
You can survive without breathing.
You are immune to petrification.
You are immune to rotting.


Message History

The centaur shoots an arrow.
The arrow barely misses you.
You see here an arrow.
The centaur shoots an arrow.
The arrow hits you. The arrow burns you.
The centaur shoots an arrow.
The arrow hits you but does no damage.
You see here 2 arrows.
The centaur shoots an arrow.
The arrow closely misses you.
You see here an arrow.
The centaur shoots an arrow.
The arrow hits you! The arrow burns you.
* * * LOW HITPOINT WARNING * * *
Some of the chunks of flesh in your inventory have rotted away.
You see here an arrow.
The centaur shoots an arrow.
The arrow hits you!
* * * LOW HITPOINT WARNING * * *
The arrow burns you.
* * * LOW HITPOINT WARNING * * *
You see here an arrow.
The centaur unwields an uncursed shortbow of flaming.
It stops flaming.
The centaur closely misses you.
You hit the centaur. The centaur hits you.
You die...

# ### ###########(######
.##..#......((((9#
.................c..#
.....................#
.....................#
.......................
..............[.......PP
<......................P
........................
...#...........


You could see a centaur.

Vanquished Creatures
  A hound (D:4)
  Natasha (thrice) (D:3)
  7 adders
  An adder zombie (D:2)
  An adder skeleton (D:2)
  4 worms
  4 giant geckos
  4 orcs (D:3)
  5 giant cockroaches
  6 hobgoblins
  8 kobolds
  A ball python (D:2)
  9 bats
  4 giant newts
  6 goblins
  10 jackals
  A jackal skeleton (D:2)
  3 quokkas
  3 rats (D:2)
81 creatures vanquished.

Notes
Turn   | Place    | Note
--------------------------------------------------------------
     0 | D:1      | DeXoteric the Gargoyle Monk began the quest for the Orb.
     0 | D:1      | Reached XP level 1. HP: 14/14 MP: 1/1
   296 | D:1      | Reached XP level 2. HP: 19/19 MP: 2/2
   482 | D:1      | You fall through a shaft!
   535 | D:2      | Reached skill level 5 in Unarmed Combat
   535 | D:2      | Reached XP level 3. HP: 23/23 MP: 3/3
   798 | D:2      | Reached XP level 4. HP: 23/28 MP: 2/4
   802 | D:2      | Found a stormy altar of Qazlal.
  1426 | D:3      | Noticed Natasha
  1441 | D:3      | Killed Natasha
  1441 | D:3      | Reached skill level 6 in Unarmed Combat
  1475 | D:3      | Reached XP level 5. HP: 22/32 MP: 3/5
  1815 | D:3      | Noticed Natasha
  1825 | D:3      | Killed Natasha
  2936 | D:3      | Noticed Natasha
  2945 | D:3      | Killed Natasha
  3190 | D:4      | Reached skill level 7 in Unarmed Combat
  3190 | D:4      | Reached XP level 6. HP: 37/37 MP: 6/6
  3232 | D:4      | Noticed a centaur
  3238 | D:4      | Slain by a centaur

Action                   |  1- 3 |  4- 6 || total
-------------------------+-------+-------++-------
Melee: Unarmed           |   103 |   227 ||   330
 Stab: Sleeping          |     6 |     5 ||    11
  Eat: Chunk             |       |     8 ||     8
